 Dungeon Crawl Stone Soup version 0.16-a0-395-g6404e95 (console) character file.

91 gw the Chucker (level 4, 0/38 HPs)
             Began as a Centaur Hunter on Sept 14, 2014.
             Slain by Ijyb (1 damage)
             ... on Level 2 of the Dungeon.
             The game lasted 00:01:41 (2917 turns).

gw the Chucker (Centaur Hunter)                     Turns: 2917, Time: 00:01:41

HP   0/38        AC  5     Str 15      XL: 4   Next: 33%
MP   3/3         EV  7     Int 10      God:
Gold 120         SH  0     Dex 10      Spells:  0 memorised,  3 levels left

rFire  . . .     SeeInvis .     a - +0 short sword
rCold  . . .     Clarity  .     m - +0 ring mail
rNeg   . . .     rCorr    +     (no shield)
rPois  .         rRot     .     (no helmet)
rElec  .         Spirit   .     (no cloak)
SustAb .         Warding  .     (no gloves)
rMut   .         Stasis   .     (no barding)
Gourm  .                        h - amulet of resist corrosion
MR     .....                    (no ring)
                                (no ring)

@: very quick, not resistant to hostile enchantments, extremely unstealthy
A: hooves 3, deformed body, speed 2, tough skin 3
a: no special abilities


You were on level 2 of the Dungeon.
You were not hungry.

You visited 1 branch of the dungeon, and saw 2 of its levels.

You collected 120 gold pieces.

Inventory:

Hand weapons
 a - a +0 short sword (weapon)
Missiles
 b - 6 javelins (quivered)
 c - 2 throwing nets
Armour
 m - a +0 ring mail (worn)
Comestibles
 f - a bread ration
 k - a slice of pizza
Scrolls
 d - a scroll of magic mapping {unknown}
 e - a scroll of remove curse
 g - a scroll of blinking {unknown}
 i - a scroll of fog {unknown}
Jewellery
 h - an amulet of resist corrosion (around neck)


   Skills:
 + Level 3.5 Fighting
 - Level 0.8 Short Blades
 - Level 5.3 Throwing
 + Level 1.9 Armour
 - Level 1.3 Dodging
 - Level 0.5 Stealth


You had 3 spell levels left.
You didn't know any spells.

Dungeon Overview and Level Annotations

Branches:
Dungeon (2/15)

Altars:
Okawaru

Annotations:
D:2 Ijyb


Innate Abilities, Weirdness & Mutations

You have hooves in place of feet.
Armour fits poorly on your strangely shaped body.
You cover ground very quickly.
You have extremely tough skin (AC +3).


Message History

ATTACKING (1,0)
You barely miss Ijyb. Your kick misses Ijyb.
Ijyb is heavily wounded.
Ijyb hits you.
FLEEEEING!
ATTACKING (1,0)
You hit Ijyb but do no damage. Your kick misses Ijyb.
Ijyb is heavily wounded.
Ijyb hits you but does no damage.
FLEEEEING!
ATTACKING (1,0)
You hit Ijyb. You kick Ijyb!
Ijyb is almost dead.
Ijyb hits you but does no damage.
FLEEEEING!
ATTACKING (1,0)
You barely miss Ijyb. You kick Ijyb, but do no damage.
Ijyb is almost dead.
Ijyb hits you.
You die...

#############
............##########
.####......g.o.......#
.....%#####.########.#
....### #.# ######.# (##.#
#.# #.cg.).# .##.# #.#
#.###.<# .##.# #.# #.#
#..# .##.# #.# #.# #..#
(##.# #####.###.# #..#
(##.###.........# #..#
............#...###..#####
###.###.#####............#
##..##...####...###..###.#


You could see Ijyb.

Table legend:
 A = Turns spent in this place as a percentage of turns spent in the entire game.
 B = Non-inter-level travel turns spent in this place as a percentage of non-inter-level travel turns spent in the entire game.
 C = Inter-level travel turns spent in this place as a percentage of turns spent in this place.
 D = Turns resting spent in this place as a percentage of non-inter-level travel turns spent in this place.
 E = Turns spent auto-exploring this place as a percentage of non-inter-level travel turns spent in this place.
 F = Non-inter-level travel turns spent in this place divided by the number of levels of this place that you've seen.
                   A       B       C       D       E      F
               +-------+-------+-------+-------+-------+----------------------
         Total | 100.0 | 100.0 |   3.0 |   5.9 |   8.5 | 429.5
       Dungeon | 100.0 | 100.0 |   3.0 |   5.9 |   8.5 | 429.5
               +-------+-------+-------+-------+-------+----------------------

Table legend:
 A = Kills in this place as a percentage of kills in entire the game.
 B = Kills by you in this place as a percentage of kills by you in the entire game.
 C = Kills by friends in this place as a percentage of kills by friends in the entire game.
 D = Other kills in this place as a percentage of other kills in the entire game.
 E = Experience gained in this place as a percentage of experience gained in the entire game.
 F = Experience gained in this place divided by the number of levels of this place that you have seen.
                   A       B       C       D       E      F
               +-------+-------+-------+-------+-------+----------------------
         Total | 100.0 | 100.0 |  -nan |  -nan | 100.0 |  65.0
       Dungeon | 100.0 | 100.0 |  -nan |  -nan | 100.0 |  65.0
               +-------+-------+-------+-------+-------+----------------------

Vanquished Creatures
  An orc priest (D:2)
  An adder (D:2)
  A worm (D:2)
  2 orcs (D:2)
  8 hobgoblins (D:1)
  6 kobolds
  2 quokkas (D:2)
  2 ball pythons (D:2)
  3 bats
  4 giant cockroaches
  4 giant newts
  3 goblins
  3 rats
40 creatures vanquished.

Notes
Turn   | Place    | Note
--------------------------------------------------------------
     0 | D:1      | gw, the Centaur Hunter, began the quest for the Orb.
     0 | D:1      | Reached XP level 1. HP: 17/17 MP: 1/1
   605 | D:1      | Reached XP level 2. HP: 25/25 MP: 2/2
   852 | D:1      | Reached skill level 1 in Armour
  2008 | D:2      | Reached XP level 3. HP: 28/30 MP: 3/3
  2439 | D:2      | Found an iron altar of Okawaru.
  2843 | D:2      | Noticed Ijyb
  2844 | D:2      | Reached XP level 4. HP: 19/38 MP: 3/3
  2914 | D:2      | HP: 1/38 [Ijyb (4)]
  2917 | D:2      | Slain by Ijyb

Action                   |  1- 3 |  4- 6 || total
-------------------------+-------+-------++-------
Melee: Short sword       |   134 |    30 ||   164
  Use: Scroll            |     3 |       ||     3
       Potion            |     3 |       ||     3
  Eat: Chunk             |     5 |       ||     5

Vault maps used:
D:1:      kilobyte_arrival_exit_the_forest
D:2:      nicolae_overflow_hidden_temple, uniq_iyjb
